 Dungeon Crawl Stone Soup version 0.21-a0-286-g6fcecc0 (webtiles) character file.

95 tidbits the Grave Robber (level 4, -11/33 HPs)
             Began as a Draconian Necromancer on Sept 26, 2017.
             Was an Initiate of Wu Jian.
             Mangled by an ogre
             ... wielding a +0 giant club
              (19 damage)
             ... on level 4 of the Dungeon.
             The game lasted 00:12:07 (2048 turns).

tidbits the Grave Robber (Draconian Necromancer)    Turns: 2048, Time: 00:12:08

Health: -11/33     AC:  5    Str: 10    XL:     4   Next: 39%
Magic:  0/8        EV: 12    Int: 16    God:    Wu Jian [......]
Gold:   124        SH:  0    Dex: 12    Spells: 1/9 levels left

rFire    . . .     SeeInvis .   c - +0 short sword
rCold    . . .     Gourm    .   (no shield)
rNeg     . . .     Faith    .   (armour unavailable)
rPois    .         Spirit   .   (helmet restricted)
rElec    .         Reflect  .   (no cloak)
rCorr    .         Harm     .   (no gloves)
MR       .....                  (no boots)
Stlth    ++........             (no amulet)
HPRegen  0.11/turn              (no ring)
MPRegen  0.11/turn              (no ring)

@: no status effects
A: unfitting armour, cold-blooded, AC +5
a: Renounce Religion


You were on level 4 of the Dungeon.
You worshipped Wu Jian.
Wu Jian was noncommittal.
You were not hungry.

You visited 2 branches of the dungeon, and saw 5 of its levels.

You collected 124 gold pieces.

Inventory:

Hand Weapons
 c - a +0 short sword (weapon)
 d - a +0 hand axe
 i - a +0 club
 l - a +0 whip
Missiles
 e - 93 bolts
 g - 50 stones (quivered)
 k - 26 arrows
 p - 22 sling bullets
Wands
 r - a wand of confusion (6/48)
Scrolls
 f - 2 scrolls of blinking {unknown}
 m - a scroll of fear {unknown}
 o - a scroll of teleportation {unknown}
 q - 3 scrolls of enchant weapon {unknown}
 t - a scroll of remove curse {unknown}
Potions
 h - a potion of curing
 j - a potion of brilliance
 n - a potion of heal wounds
Books
 a - a book of Necromancy

   Spells                             Type                      Level
   a - Pain                           Necromancy                   1
   b - Animate Skeleton               Necromancy                   1
   c - Vampiric Draining              Necromancy                   3
   d - Regeneration                   Charms/Necromancy            3
   e - Animate Dead                   Necromancy                   4
   f - Control Undead                 Necromancy                   4
Comestibles
 b - 3 bread rations
 s - a chunk of flesh


   Skills:
 - Level 1.7 Dodging
 - Level 1.7 Stealth
 + Level 3.0 Spellcasting
 * Level 5.3 Necromancy


You had one spell level left.
You knew the following spells:

 Your Spells              Type           Power        Failure   Level  Hunger
a - Pain                  Necr           ###.         1%          1    #......
n - Animate Skeleton      Necr           N/A          1%          1    #......
r - Regeneration          Chrm/Necr      ##........   19%         3    ###....
v - Vampiric Draining     Necr           ###.......   6%          3    ###....


Dungeon Overview and Level Annotations

Branches:
Dungeon (4/15)             Temple (1/1) D:4

Altars:
Ashenzari
Cheibriados
Dithmenos
Elyvilon
Fedhas
Hepliaklqana
Kikubaaqudgha
Nemelex Xobeh
Okawaru
Qazlal
Trog
Uskayaw
Vehumet
Wu Jian
Xom
Yredelemnul
Zin

Shops:
D:4 *

Annotations:
D:3 Dominolapin's ghost, weakling TrAM
D:4 Eustachio; Pikel


Innate Abilities, Weirdness & Mutations

Your plain brown scales are hard. (AC +5)
You cannot fit into any form of body armour.
You are cold-blooded and may be slowed by cold attacks.


Message History

The hobgoblin shouts!
The goblin shouts!
You hear a shout!
Casting: Pain
Confirm with . or Enter, or press ? or * to list all spells.
Aiming: Pain
Press: ? - help, Shift-Dir - straight line, f/p - hobgoblin
Aim: a hobgoblin (chance to defeat MR: 89%)
The hobgoblin writhes in agony!
You hit the hobgoblin.
You kill the hobgoblin!
The Council accepts your kill.
You barely miss the goblin. The goblin hits you with a dagger.
You hit the goblin.
The goblin is severely wounded.
The goblin hits you with a dagger.
You closely miss the goblin.
The goblin is severely wounded.
The goblin hits you with a dagger.
Your slave skeleton hits the goblin.
The goblin dies!
The Council accepts your kill.
You closely miss the goblin.
Your slave skeleton hits the goblin.
The goblin barely misses you.
You hit the goblin but do no damage.
The goblin is heavily wounded.
Your slave skeleton hits the goblin!
The goblin dies!
The Council accepts your kill.
Found a bread ration.
Things that are here:
a dagger; a robe; a goblin corpse You see here a goblin corpse.
An ogre comes into view. It is wielding a giant club.
The ogre shouts!
You see here 12 stones.
Casting: Pain
Confirm with . or Enter, or press ? or * to list all spells.
Aiming: Pain
Press: ? - help, Shift-Dir - straight line, f - ogre
Aim: an ogre, wielding a giant club (chance to defeat MR: 78%)
The ogre writhes in agony!
Casting: Pain
Confirm with . or Enter, or press ? or * to list all spells.
Aiming: Pain
Press: ? - help, Shift-Dir - straight line, f/p - ogre
Aim: an ogre, wielding a giant club (lightly wounded, chance to defeat MR: 78%)
The ogre writhes in agony!
Casting: Pain
Confirm with . or Enter, or press ? or * to list all spells.
Aiming: Pain
Press: ? - help, Shift-Dir - straight line, f/p - ogre
Aim: an ogre, wielding a giant club (moderately wounded, chance to defeat MR: 78%)
The ogre barely resists.
Casting: Pain
Confirm with . or Enter, or press ? or * to list all spells.
Aiming: Pain
Press: ? - help, Shift-Dir - straight line, f/p - ogre
Aim: an ogre, wielding a giant club (moderately wounded, chance to defeat MR: 78%)
The ogre writhes in agony!
Casting: Pain
Confirm with . or Enter, or press ? or * to list all spells.
Aiming: Pain
Press: ? - help, Shift-Dir - straight line, f/p - ogre
Aim: an ogre, wielding a giant club (moderately wounded, chance to defeat MR: 78%)
The ogre barely resists.
The ogre hits you with a giant club!
* * * LOW HITPOINT WARNING * * *
Your slave skeleton hits the ogre.
Your magical contamination has completely faded away.
Casting: Pain
Confirm with . or Enter, or press ? or * to list all spells.
Aiming: Vampiric Draining
Press: ? - help, Shift-Dir - straight line, f/p - ogre
Aim: an ogre, wielding a giant club (heavily wounded)
The ogre is severely wounded.
You feel life coursing into your body.
Your slave skeleton barely misses the ogre.
The ogre hits you with a giant club!
* * * LOW HITPOINT WARNING * * *
Your slave skeleton hits the ogre.
The ogre hits your slave skeleton with a giant club!!
Evoke which item? (* to show all) (? for menu, Esc to quit)
Aiming: Confuse
Press: ? - help, Shift-Dir - straight line, f/p - ogre
Aim: an ogre, wielding a giant club (severely wounded, chance to defeat MR: 46%)
The ogre resists with some effort.
This wand has 7 charges left.
Evoke which item? (* to show all) (? for menu, Esc to quit)
Aiming: Confuse
Press: ? - help, Shift-Dir - straight line, f/p - ogre
Aim: an ogre, wielding a giant club (severely wounded, chance to defeat MR: 46%)
The ogre appears confused.
This wand has 6 charges left.
Your slave skeleton hits the ogre.
The ogre hits your slave skeleton with a giant club!
Your slave skeleton is destroyed!
Casting: Vampiric Draining
Confirm with . or Enter, or press ? or * to list all spells.
Aiming: Pain
Press: ? - help, Shift-Dir - straight line, f/p - ogre
Aim: an ogre, wielding a giant club (almost dead, confused, chance to defeat MR: 78%)
The ogre writhes in agony!
The ogre hits you with a giant club!!
Ouch! That really hurt!
You die...

.....#.........'...'....
#...###..##'####...####
#...###..##.####...###
......†.....#........#
............#........#
............#........#
##...###########'#####
##...##.....##..O.######
......#......).†@.......
......#.........[.......
......#.........(.......
##...##.....##....####.#
###########' #..'## #
..#.#'#.. .. #.+∩'...
..% #.#+#.... ... ##
##.#


You could see an ogre (confused).

Vanquished Creatures
  A slave (D:4)
  3 adders
  An ooze (D:2)
  A dart slug (D:1)
  3 leopard geckos
  2 bats
  2 giant cockroaches (D:1)
  10 goblins
  6 hobgoblins
  7 jackals
  A quokka (D:2)
  A ball python (D:1)
  2 frilled lizards (D:1)
  6 kobolds
  5 rats
51 creatures vanquished.

Vanquished Creatures (collateral kills)
  3 goblins (D:4)
  A rat (D:1)
4 creatures vanquished.

Grand Total: 55 creatures vanquished

Notes
Turn   | Place    | Note
-------+----------+-------------------------------------------
     0 | D:1      | tidbits the Draconian Necromancer began the quest for the Orb.
     0 | D:1      | Reached XP level 1. HP: 14/14 MP: 3/3
   116 | D:1      | Learned a level 1 spell: Animate Skeleton
   216 | D:1      | Reached XP level 2. HP: 6/20 MP: 0/5
   665 | D:1      | Reached XP level 3. HP: 11/26 MP: 1/6
   764 | D:1      | Learned a level 3 spell: Vampiric Draining
  1182 | D:2      | Reached skill level 5 in Necromancy
  1228 | D:2      | Reached XP level 4. HP: 28/33 MP: 1/8
  1409 | D:3      | Found a shadowy altar of Dithmenos.
  1451 | D:4      | Noticed a slave
  1487 | D:3      | Learned a level 3 spell: Regeneration
  1498 | D:3      | Noticed Dominolapin's ghost (weakling TrAM)
  1674 | D:4      | Noticed Eustachio
  1753 | D:4      | Found a staircase to the Ecumenical Temple.
  1762 | Temple   | Entered the Ecumenical Temple
  1825 | Temple   | Became a worshipper of the Wu Jian Council
  1901 | D:4      | Noticed a slave
  1902 | D:4      | Noticed Pikel
  1904 | D:4      | Noticed an ogre
  1936 | D:4      | Killed a slave
  1999 | D:4      | Reached skill level 3 in Spellcasting
  2017 | D:4      | Found Zoluruis's Assorted Antiques.
  2031 | D:4      | Noticed an ogre
  2048 | D:4      | Mangled by an ogre

Vault maps used:
D:1:      minmay_arrival_jagged, minmay_misc_feat_ornament,
          hangedman_decor_peaks_small, patterned_corridor
D:2:      nicolae_ru_path_of_blood, first_bread, minivault_19
D:3:      lemuel_round_altar
D:4:      minmay_temple_entry_hall, serial_shops, kennysheep_mini,
          uniq_eustachio, uniq_pikel, uniq_robin
Temple:   nicolae_temple_elliptical

Skill      XL: |  1  2  3  4 |
---------------+-------------+-----
Necromancy     | 5 |  5.3
Spellcasting   | 3 |  3.0
Dodging        | |  1.7
Stealth        | |  1.7

Action                   |  1- 3 |  4- 6 || total
-------------------------+-------+-------++-------
Melee: Short sword       |     6 |    49 ||    55
       Club              |     1 |       ||     1
       Tailslap          |       |     3 ||     3
 Cast: Pain              |    70 |    28 ||    98
       Animate Skeleton  |     2 |     1 ||     3
       Vampiric Draining |     2 |     7 ||     9
       Regeneration      |       |     3 ||     3
Evoke: Wand              |       |    12 ||    12
  Use: Scroll            |       |     3 ||     3
       Potion            |       |     2 ||     2
 Stab: Distracted        |     1 |       ||     1
       Confused          |       |     3 ||     3
       Sleeping          |       |     2 ||     2
  Eat: Chunk             |     4 |     1 ||     5
       Bread ration      |       |     1 ||     1
Armor: Skin              |    10 |    25 ||    35
Dodge: Dodged            |    20 |    50 ||    70

Table legend:
 A = Spawn XP
 B = Non-spawn XP
 C = Spawn XP percentage of total XP
 D = Spawn monster count
 E = Non-spawn monster count
 F = Spawn count percentage of total count
 G = Total turns spent on level
                    A         B        C        D         E        F      G
               +---------+---------+-------+---------+---------+-------+---------
         Total |       0 |     136 |   0.0 |       0 |      54 |   0.0 |  2048
               +---------+---------+-------+---------+---------+-------+---------
           D:1 |       0 |      56 |   0.0 |       0 |      29 |   0.0 |  1041
           D:2 |       0 |      46 |   0.0 |       0 |      11 |   0.0 |   224
           D:3 |       0 |       4 |   0.0 |       0 |       3 |   0.0 |   293
           D:4 |       0 |      30 |   0.0 |       0 |      11 |   0.0 |   412
               +---------+---------+-------+---------+---------+-------+---------

Table legend:
 A = Turns spent in this place as a percentage of turns spent in the entire game.
 B = Non-inter-level travel turns spent in this place as a percentage of non-inter-level travel turns spent in the entire game.
 C = Inter-level travel turns spent in this place as a percentage of turns spent in this place.
 D = Turns resting spent in this place as a percentage of non-inter-level travel turns spent in this place.
 E = Turns spent auto-exploring this place as a percentage of non-inter-level travel turns spent in this place.
 F = Non-inter-level travel turns spent in this place divided by the number of levels of this place that you've seen.
                   A       B       C       D       E      F
               +-------+-------+-------+-------+-------+----------------------
         Total | 100.0 | 100.0 |   4.3 |   0.0 |   0.0 | 392.0
       Dungeon |  96.2 |  96.7 |   3.8 |   0.0 |   0.0 | 473.8
        Temple |   3.8 |   3.3 |  16.7 |   0.0 |   0.0 |  65.0
               +-------+-------+-------+-------+-------+----------------------

Table legend:
 A = Kills in this place as a percentage of kills in entire the game.
 B = Kills by you in this place as a percentage of kills by you in the entire game.
 C = Kills by friends in this place as a percentage of kills by friends in the entire game.
 D = Other kills in this place as a percentage of other kills in the entire game.
 E = Experience gained in this place as a percentage of experience gained in the entire game.
 F = Experience gained in this place divided by the number of levels of this place that you have seen.
                   A       B       C       D       E      F
               +-------+-------+-------+-------+-------+----------------------
         Total | 100.0 | 100.0 | 100.0 |   N/A | 100.0 |  27.2
       Dungeon | 100.0 | 100.0 | 100.0 |   N/A | 100.0 |  34.0
               +-------+-------+-------+-------+-------+----------------------

Vault maps used:
D:1:      minmay_arrival_jagged, minmay_misc_feat_ornament,
          hangedman_decor_peaks_small, patterned_corridor
D:2:      nicolae_ru_path_of_blood, first_bread, minivault_19
D:3:      lemuel_round_altar
D:4:      minmay_temple_entry_hall, serial_shops, kennysheep_mini,
          uniq_eustachio, uniq_pikel, uniq_robin
Temple:   nicolae_temple_elliptical
